Cogmind - Beta 16.1 @@@ ROGUE MODE // 2026.05.01 @ 15:30:41 Player: N.W.L. Result: Destroyed self with Long-range Missile Launcher Performance ------------- Evolutions (5) 2500 Regions Visited (6) 1200 Robots Destroyed (101) 505 Value Destroyed (2535) 2535 Prototype IDs (10) 200 Alien Tech Used (0) 0 Bonus (976) 976 TOTAL SCORE: 7916 Bonus ------- High Alert Combat Kills 28 Follower Combat Kills 148 Registered with UFD 300 Met Optimus in HQ 500 Cogmind --------- Core Integrity 0/1000 Matter 275/300 Energy 84/100 System Corruption 30% Temperature Cool (0) Movement Core (200) Ox3 Location -5/Factory Parts ------- > --- POWER (2) -------- (None) > --- PROPULSION (4) --- (None) > --- UTILITY (9) ------ Hacking Suite Makeshift System Shield Authchip [Processor] A0-MCA's Component Scanner Improved Trap Extractor (1/6 Vortex) > --- WEAPON (2) ------- Long-range Missile Launcher > --- INVENTORY (5) ---- Experimental Terrain Scanner Long-range Tractor Beam DRS Beacon (Ready) Botcube Peak State ------------ > --- POWER ------------ Light Deuterium Engine Micro Fission Core > --- PROPULSION ------- Antigrav System Antigrav System Antigrav System Linear Gravjet > --- UTILITY ---------- Medium Storage Unit Experimental Terrain Scanner Advanced Terrain Scan Processor Melee Analysis Suite Makeshift System Shield Authchip [Processor] A0-MCA's Component Scanner Improved Corruption Screen Improved Trap Extractor > --- WEAPON ----------- Advanced Plasma Cannon Makeshift Sword > --- INVENTORY -------- Matter Compressor Launcher Loader Long-range Tractor Beam Long-range Proton Cannon Subdweller Shrapnel Launcher CPS Tube Multitool DRS Beacon Botcube [Rating: 91] Favorites ----------- Power Ion Engine Engine Ion Engine Power Core Micro Fission Core Propulsion Subdweller Monowheel Treads Overtuned Medium Treads Wheel Subdweller Monowheel Hover Unit Antigrav System Utility Huge Storage Unit Device Improved Terrain Scanner Storage Huge Storage Unit Processor Core Analyzer Hackware Makeshift System Shield Protection Scrap Shield Weapon Makeshift Spear Energy Gun Subdweller Laser Energy Cannon Beam Cannon Ballistic Gun Autogun Ballistic Cannon Light Cannon Launcher EMP Blaster Special Weapon Mining Laser Impact Weapon Heavy Flail Slashing Weapon Makeshift Sword Piercing Weapon Makeshift Spear Build | -11 -10 -10 -10 -7 -7 -5 ------- Run | Yrd Mat Min Sub Rec Scr Fac Slots Evolved 10 | . . . . . . 10 Power 1 | . . . . . . 1 Propulsion 2 | . . . . . . 2 Utility 7 | . . . . . . 7 Weapon . | . . . . . . . Parts Attached 109 | 7 6 8 19 4 4 61 Power 8 | 1 . . 1 . 1 5 Engine 7 | 1 . . 1 . 1 4 Core 1 | . . . . . . 1 Reactor . | . . . . . . . Propulsion 25 | 2 . . 7 1 2 13 Treads 10 | 2 . . 2 . 2 4 Leg . | . . . . . . . Wheel 10 | . . . 5 1 . 4 Hover 5 | . . . . . . 5 Flight . | . . . . . . . Utility 47 | 2 3 3 4 2 1 32 Device 18 | 1 1 1 2 . . 13 Storage 9 | 1 2 2 1 . 1 2 Processor 9 | . . . . . . 9 Hackware 7 | . . . . 2 . 5 Protection 4 | . . . 1 . . 3 Artifact . | . . . . . . . Weapon 29 | 2 3 5 7 1 . 11 Energy Gun 8 | 2 . . 2 . . 4 Energy Cannon 4 | . 2 . 1 . . 1 Ballistic Gun 2 | . . . . . . 2 Ballistic Cannon 1 | . . 1 . . . . Launcher 6 | . . 2 1 1 . 2 Special Weapon 3 | . . 1 . . . 2 Impact Weapon 1 | . . 1 . . . . Slashing Weapon 3 | . 1 . 2 . . . Piercing Weapon 1 | . . . 1 . . . Special Melee Weapon . | . . . . . . . Unidentified Prototypes 2 | . . . 1 . . 1 Corrupted Parts 2 | . . . . . . 2 System Corruption 5 | . . . . . . 5 Parts Lost 40 | . . . 2 1 . 37 Power 7 | . . . 1 . . 6 Propulsion 13 | . . . 1 1 . 11 Utility 12 | . . . . . . 12 Weapon 8 | . . . . . . 8 Highest Loss Streak 12 | . . . 1 1 . 12 To Critical Strikes . | . . . . . . . Average Backups 17 | 1 8 21 13 16 29 15 Power . | . . 1 . . . . Propulsion 2 | . . 1 3 1 2 . Utility 8 | . 3 7 6 7 15 8 Weapon 5 | . 3 12 3 5 8 4 Tool/Special . | . . . . . . . Unused Backups 41 | . 1 2 9 3 16 10 Power 2 | . 1 . . . 1 . Propulsion 1 | . . . . . 1 . Utility 16 | . . 1 2 1 8 4 Weapon 20 | . . 1 7 2 6 4 Tool/Special 2 | . . . . . . 2 Average Slot Usage (%) 83 | . 100 99 85 78 80 80 Engine 7 | . 14 14 2 14 14 8 Treads 10 | . 28 28 5 13 18 12 Wheel 14 | . . . 22 6 4 1 Device 7 | . 14 11 11 . . 10 Storage 12 | . 14 16 12 7 13 4 Protection 1 | . . . 1 4 . 1 Energy Gun 2 | . 10 . 2 3 . 4 Slashing Weapon 10 | . 6 . 10 10 14 3 Piercing Weapon 11 | . . . 12 13 14 . Peak Build Rating 91 | 7 10 16 20 28 39 91 Average Rating 24 | 4 7 13 18 21 34 68 On Entrance 17 | . 7 10 16 20 28 39 Avg Prop Armor Cover (%) 14 | . . . 14 . 14 12 Naked Turns . | . . . . . . . Heaviest Build 214 | 14 52 94 211 211 214 127 Greatest Support 123 | 40 40 40 40 40 50 123 Greatest Overweight (x) 71 | . 1 2 28 7 71 4 Average Overweight (x) 6 | . . 1 9 2 10 . Largest Inventory Capacity 35 | 8 20 25 35 35 35 35 Average Capacity 25 | 7 10 22 23 20 34 19 Most Carried 35 | 3 18 25 35 35 35 34 Average Carried 20 | 1 8 21 15 18 34 18 Final Capacity 35 | 8 20 25 35 35 35 5 Final Carried 35 | 3 18 25 35 35 35 4 Scrap Suit Usage (%) 1 | . . . . . . 13 Parts Cannibalized 1 | . . . . . . 1 Class Distribution -------------------- 59% | Mutant 33% | Hauler-Mutant 4% | Derelict-Mutant Dominant Class ---------------- Mutant | -10/Materials Mutant | -10/Mines Mutant | -10/Subcaves Hauler-Mutant | -7/Recycling Hauler-Mutant | -7/Scraptown Derelict-Mutant | -5/Factory Resources | -11 -10 -10 -10 -7 -7 -5 ----------- Run | Yrd Mat Min Sub Rec Scr Fac Matter Collected 2380 | 270 70 86 414 295 60 1185 Remotely 229 | . . . . . . 229 Salvage Created 4263 | 201 370 185 821 1006 . 1680 Parts 216 | 12 31 8 57 33 . 75 Haulers Intercepted 2 | . 1 . . . . 1 Recyclers Shooed 13 | 1 . . . 6 . 6 Parts Field Recycled . | . . . . . . . Retrieved Matter . | . . . . . . . Parts Self-Destructed 22 | . . . 22 . . . Prevented . | . . . . . . . Parts Restored . | . . . . . . . Kills | -11 -10 -10 -10 -7 -7 -5 ------- Run | Yrd Mat Min Sub Rec Scr Fac Combat Hostiles Destroyed 58 | . 11 2 20 2 . 23 Melee 16 | . 2 . 10 1 . 3 Guns 8 | . 3 . 1 . . 4 Cannons 11 | . 6 1 2 . . 2 AOE 19 | . . 1 6 1 . 11 Classes Destroyed 15 | 3 6 . 3 . . 3 Worker 7 | 1 . 1 . . . 5 Builder 5 | . 1 1 . 3 . . Tunneler 6 | 4 1 . . . . 1 Hauler 2 | . 1 . . . . 1 Recycler 18 | 1 . 1 . 11 . 5 Operator 3 | . 1 . . . . 2 Watcher 2 | . 1 . . . . 1 Swarmer 21 | . 6 1 7 . . 7 Cutter 2 | . . . . . . 2 Grunt 11 | . 5 1 1 . . 4 Sentry 4 | . . . 1 2 . 1 Hunter 7 | . . . . . . 7 Programmer 2 | . . . . . . 2 Cobbler 1 | . . . 1 . . . Subdweller 11 | . . . 11 . . . Best Kill Streak 14 | 3 5 1 4 6 . 14 Combat Bots Only 14 | . 3 1 4 1 . 14 Max Kills in Single Turn 4 | 1 1 1 4 2 . 4 Gunslinging . | . . . . . . . Exploded 4 | . . 1 4 1 . 4 Melee 1 | . 1 . 1 1 . 1 Uniques/NPCs Destroyed . | . . . . . . . Combat | -11 -10 -10 -10 -7 -7 -5 -------- Run | Yrd Mat Min Sub Rec Scr Fac Hostile Shots Fired 526 | . 35 5 107 54 . 325 Missed 137 | . 12 1 26 24 . 74 Hits 389 | . 23 4 81 30 . 251 Melee 14 | . . . . . . 14 Projectile 375 | . 23 4 81 30 . 237 AOE 5 | . . . . . . 5 Critical Strikes 22 | . . . 1 . . 21 Damage Taken 6982 | . 212 52 1124 233 . 5361 Core 1229 | . 29 . 146 40 . 1014 Absorbed by Shields 61 | . . . . . . 61 Reduced by Siege Mode 11 | . . . . . . 11 Regen/Repaired (Parts) 2 | . . . . . . 2 Core Remaining (%) 57 | 100 . . . . 14 . Volleys Fired 164 | 24 23 11 28 6 . 72 Largest 2 | 2 2 2 2 1 . 2 Hottest 160 | 80 120 120 105 60 . 160 Shots Fired 232 | 28 46 15 38 6 . 99 Gun 115 | 28 16 . 9 1 . 61 Cannon 83 | . 30 8 14 . . 31 Launcher 31 | . . 4 15 5 . 7 Special 3 | . . 3 . . . . Kinetic 34 | . . 4 4 5 . 21 Thermal 146 | 4 38 7 20 1 . 76 Explosive 1 | . . . . . . 1 Electromagnetic 51 | 24 8 4 14 . . 1 Robot Hit Streak 19 | 10 8 6 8 6 . 19 Robot Miss Streak 4 | 3 4 3 4 1 . 3 Penetration Max . | . . . . . . . Secondary Targets . | . . . . . . . Shots Hit Robots 239 | 16 39 8 45 31 . 100 Core Hits 142 | 7 16 5 22 15 . 77 Critical Kills . | . . . . . . . Critical Parts Destroyed . | . . . . . . . Critical Strikes 11 | . . . 4 3 . 4 Smash 2 | . . . 2 . . . Sever 4 | . . . . . . 4 Impale 5 | . . . 2 3 . . Melee Attacks 350 | . 15 7 183 72 . 73 Impact 13 | . . 7 6 . . . Slashing 157 | . 15 . 60 9 . 73 Piercing 180 | . . . 117 63 . . Sneak Attacks 32 | . 4 1 2 17 . 8 Combat Hostiles 1 | . 1 . . . . . Follow-up Attacks 7 | . . . 4 3 . . Damage Inflicted 9492 | 239 881 303 1999 1756 . 4314 Guns 1539 | 214 99 . 62 18 . 1146 Cannons 1167 | . 364 87 172 . . 544 Explosions 2177 | 25 76 74 495 459 . 1048 Melee 4603 | . 342 142 1270 1279 . 1570 Ramming 6 | . . . . . . 6 Kinetic 1895 | . . 69 266 459 . 1101 Thermal 2365 | 35 506 18 197 18 . 1591 Explosive . | . . . . . . . Electromagnetic 623 | 204 33 74 266 . . 46 Impact 265 | . . 142 123 . . . Slashing 2438 | . 342 . 390 136 . 1570 Piercing 1900 | . . . 757 1143 . . Highest Corruption 30 | . . . . . . 30 Average Corruption 8 | . . . . . . 8 Corruption Purged . | . . . . . . . Corruption Blocked 5 | . . . . . . 5 Effects 51 | . . . . . . 51 Message Errors 16 | . . . . . . 16 Matter Fused 6 | . . . . . . 6 Heat Flow Errors 10 | . . . . . . 10 Energy Discharges 7 | . . . . . . 7 Parts Rejected 1 | . . . . . . 1 Parts Fused 1 | . . . . . . 1 Data Loss (minor) 2 | . . . . . . 2 Data Loss (major) 1 | . . . . . . 1 Misfires 2 | . . . . . . 2 Alerts 1 | . . . . . . 1 Misdirections 3 | . . . . . . 3 Weapon Failures 1 | . . . . . . 1 Overload Shots . | . . . . . . . Overflow Damage 823 | . 24 120 111 392 . 176 Projectiles 24 | . 4 . 16 . . 4 Explosions 30 | . . . 30 . . . Melee 769 | . 20 120 65 392 . 172 Knockbacks 1 | . . . 1 . . . Impact 1 | . . . 1 . . . Kinetic . | . . . . . . . Secondary . | . . . . . . . Self-Inflicted Damage 110 | . . . 10 . . 100 Shots 3 | . . . 1 . . 2 Rammed 2 | 1 . . . . . 1 Targets Rammed 2 | 1 . . . . . 1 Kicked . | . . . . . . . Crushed . | . . . . . . . Highest Temperature 592 | 72 120 60 . 42 . 592 Average Temperature 122 | 38 45 25 . 24 . 151 Received Heat Transfer 438 | . 54 27 162 72 . 123 Effects 11 | . . . . . . 11 Shutdowns 4 | . . . . . . 4 Energy Bleed 2 | . . . . . . 2 Interference 2 | . . . . . . 2 Damage (minor) 1 | . . . . . . 1 Damage (major) 2 | . . . . . . 2 Siege Activations 1 | . . . . . . 1 Total Turns 6 | . . . . . . 6 Longest Duration 6 | . . . . . . 6 Martial Activations . | . . . . . . . Shielding Activations . | . . . . . . . Robots Disrupted . | . . . . . . . Combat Hostiles . | . . . . . . . Robots Corrupted 1 | . . . 1 . . . Combat Hostiles 1 | . . . 1 . . . Parts Fried 10 | 1 . 3 6 . . . Impact Corruptions 4 | . . 4 . . . . Robots Melted 4 | . . . . . . 4 Combat Hostiles 3 | . . . . . . 3 Parts Melted 13 | . 2 1 . . . 10 Heat Transferred 4585 | 75 1027 37 296 25 . 3125 Parts Sabotaged . | . . . . . . . Parts Stolen . | . . . . . . . Parts Stripped . | . . . . . . . Power Chain Reactions 2 | 1 1 . . . . . Alert | -11 -10 -10 -10 -7 -7 -5 ------- Run | Yrd Mat Min Sub Rec Scr Fac Maximum Alert Level 2 | . . . . . . 2 Low Security (%) 87 | 100 100 100 . 100 . 59 Level 1 10 | . . . . . . 34 Level 2 1 | . . . . . . 5 Level 3 . | . . . . . . . Level 4 . | . . . . . . . Level 5 . | . . . . . . . High Security . | . . . . . . . Max Security . | . . . . . . . Peak Influence 489 | 15 128 43 . 104 . 489 Initial 75 | . . 43 . 75 . . Average 60 | 1 40 3 . 22 . 154 Influence Increases 2306 | 30 318 83 321 427 . 1127 Destroy 0b10 Robot/C 1060 | . 220 40 260 40 . 500 Destroy 0b10 Robot/NC 230 | 30 25 15 . 80 . 80 Destroy Leader 180 | . 44 10 20 . . 106 Allied During Kill 23 | . . . 11 . . 12 Trap Triggered on 0b10 20 | . . . . 20 . . Successful Hack 96 | . 6 . . 35 . 55 Select Force Hacks 150 | . . . . 150 . . Disable Machine 165 | . . 15 . 60 . 90 Destroy Structure 187 | . 8 3 . 42 . 134 Lose Combat Pursuer 195 | . 15 . 30 . . 150 Influence Decreases 1914 | 30 206 195 164 492 92 735 Entered New Map 243 | . . 69 . 82 92 . Time Decay 1211 | 30 206 126 114 400 . 335 Lost Part 361 | . . . 10 10 . 341 Lost Ally 99 | . . . 40 . . 59 Squads Dispatched 18 | . 3 . . . . 15 Investigation 6 | . 1 . . . . 5 Extermination 3 | . . . . . . 3 Reinforcement 6 | . 2 . . . . 4 Assault . | . . . . . . . Garrison 3 | . . . . . . 3 Intercept . | . . . . . . . Searches Triggered . | . . . . . . . Construction Impeded . | . . . . . . . Haulers Reinforced 1 | . . . . . . 1 Active Scanning Responses . | . . . . . . . Cargo Convoy Interrupts . | . . . . . . . Stealth | -11 -10 -10 -10 -7 -7 -5 --------- Run | Yrd Mat Min Sub Rec Scr Fac Distress Signals 5 | . 2 . . . . 3 Communications Jammed . | . . . . . . . Distress Signals . | . . . . . . . Times Spotted 95 | . 16 3 26 2 . 48 Peak Tracking Total 16 | . 4 1 6 1 . 16 Tactical Retreats 8 | . 1 . 1 . . 6 Traps | -11 -10 -10 -10 -7 -7 -5 ------- Run | Yrd Mat Min Sub Rec Scr Fac Traps Triggered 1 | . 1 . . . . . Indirectly . | . . . . . . . Trap Hack Attempts . | . . . . . . . Triggered . | . . . . . . . Disarmed . | . . . . . . . Reprogrammed . | . . . . . . . Reused 2 | . . . . 2 . . Traps Extracted . | . . . . . . . Installed 2 | . . . . 2 . . Triggered 2 | . . . . 2 . . Most Traps Carried 2 | . . . 2 2 1 1 Machines | -11 -10 -10 -10 -7 -7 -5 ---------- Run | Yrd Mat Min Sub Rec Scr Fac Machines Disabled 13 | . . 1 2 4 . 6 Max in Single Turn 1 | . . 1 1 1 . 1 Machines Repaired . | . . . . . . . Machines Dismantled . | . . . . . . . Machines Sabotaged . | . . . . . . . Overloaded Fab Kills . | . . . . . . . Hacking | -11 -10 -10 -10 -7 -7 -5 --------- Run | Yrd Mat Min Sub Rec Scr Fac Machines Accessed 45 | . 1 . 1 13 6 24 Terminals 18 | . 1 . . 5 . 12 Fabricators 1 | . . . . . . 1 Repair Stations 1 | . . . . . . 1 Recycling Units 13 | . . . . 8 . 5 Scanalyzers 3 | . . . . . . 3 Garrison Access 2 | . . . . . . 2 Total Hacks 131 | . 3 . 5 35 30 58 Successful 77 | . 1 . 5 21 30 20 Failed 53 | . 2 . . 14 . 37 Catastrophic 14 | . . . . 5 . 9 Database Lockouts 1 | . . . . . . 1 Manual 71 | . 3 . . 33 . 35 Terminals 50 | . 3 . . 18 . 29 Fabricators 5 | . . . . . . 5 Repair Stations 1 | . . . . . . 1 Recycling Units 26 | . . . . 17 . 9 Scanalyzers 11 | . . . . . . 11 Garrison Access 3 | . . . . . . 3 Terminal Hacks 40 | . 1 . 5 3 30 1 Record 28 | . . . 5 . 23 . Part Schematic 2 | . . . . 2 . . Robot Schematic 1 | . . . . 1 . . Robot Analysis 8 | . 1 . . . 7 . Terminal Index 1 | . . . . . . 1 Fabricator Hacks 4 | . . . . . . 4 Load Schematic 2 | . . . . . . 2 Build 2 | . . . . . . 2 Repair Station Hacks 1 | . . . . . . 1 Refit 1 | . . . . . . 1 Recycling Unit Hacks . | . . . . . . . Scanalyzer 5 | . . . . . . 5 Insert Component 2 | . . . . . . 2 Analyze 1 | . . . . . . 1 Retrieve Study 2 | . . . . . . 2 Garrison Access Hacks . | . . . . . . . Unauthorized Hacks 27 | . . . . 18 . 9 Terminals 14 | . . . . 8 . 6 Assimilate 1 | . . . . . . 1 Botnet 3 | . . . . 3 . . Operators 1 | . . . . . . 1 Skim 9 | . . . . 5 . 4 Fabricators . | . . . . . . . Repair Stations . | . . . . . . . Recycling Units 13 | . . . . 10 . 3 Reject 2 | . . . . 2 . . Mask 3 | . . . . 3 . . Tunnel 5 | . . . . 5 . . Fedlink 3 | . . . . . . 3 Scanalyzers . | . . . . . . . Garrison Access . | . . . . . . . Data Cores Recovered . | . . . . . . . Used . | . . . . . . . Hacking Detections 28 | . 1 . . 10 . 17 Full Trace Events 3 | . . . . 1 . 2 Feedback Events . | . . . . . . . Feedback Blocked . | . . . . . . . Robot Schematics Acquired 1 | . . . . 1 . . Robots Built 4 | . . . . . . 4 Authchips 2 | . . . . . . 2 Time 116 | . . . . . . 116 Total Robot Build Rating 12 | . . . . . . 12 Part Schematics Acquired 3 | . . . . 2 . 1 Parts Built . | . . . . . . . Authchips . | . . . . . . . Time . | . . . . . . . Total Part Build Rating . | . . . . . . . Part Studies Acquired 2 | . . . . . . 2 Parts Repaired . | . . . . . . . Time . | . . . . . . . Parts Recycled . | . . . . . . . Recycled Matter . | . . . . . . . Retrieved Matter . | . . . . . . . Retrieved Components . | . . . . . . . Parts Scanalyzed 2 | . . . . . . 2 Part Schematics Acquired 1 | . . . . . . 1 Parts Damaged 1 | . . . . . . 1 Bothacking | -11 -10 -10 -10 -7 -7 -5 ------------ Run | Yrd Mat Min Sub Rec Scr Fac Used RIF Installer . | . . . . . . . Robots Hacked . | . . . . . . . Non-combat . | . . . . . . . Combat . | . . . . . . . Robot Hacks Applied . | . . . . . . . Relay Couplers Released . | . . . . . . . Fabnet Peak Effective % . | . . . . . . . Robots Rewired 1 | . . . . . . 1 Allies Hacked 1 | . . . . . . 1 Hacks Repelled . | . . . . . . . Allies | -11 -10 -10 -10 -7 -7 -5 -------- Run | Yrd Mat Min Sub Rec Scr Fac Total Allies 12 | . . . 6 . . 6 Largest Group 4 | . . . 3 3 . 4 Highest-Rated Group 93 | . . . 57 57 . 93 Highest-Rated Ally 30 | . . . 19 19 . 30 Initial UFD Resources 39 | . . . . . . 39 Total Orders 3 | . . . . . . 3 STAY 2 | . . . . . . 2 FOLLOW 1 | . . . . . . 1 Ally Attacks 58 | . . . 27 3 . 28 Total Damage 1010 | . . . 412 42 . 556 Kills 8 | . . . 5 . . 3 Allies Corrupted 1 | . . . . . . 1 Allies Melted . | . . . . . . . Intel | -11 -10 -10 -10 -7 -7 -5 ------- Run | Yrd Mat Min Sub Rec Scr Fac Active Infowar (turns) 17128 | 20 496 293 14900 . . 1419 Optics 293 | . . . . . . 293 Terrain 14938 | . . . 14527 . . 411 Seismic 1207 | 20 496 293 373 . . 25 T.N.C. 891 | . . . . . . 891 Robot Analysis Total 8 | . 1 . . . 7 . Derelict Logs Recovered 8 | . . 1 2 . 5 . Drone Launches . | . . . . . . . Drone Recoveries . | . . . . . . . Exploration | -11 -10 -10 -10 -7 -7 -5 ------------- Run | Yrd Mat Min Sub Rec Scr Fac Turns Passed 39156 | 249 683 1200 21959 2589 10437 2039 Spaces Moved 9336 | 109 242 270 3927 1301 2144 1343 Core 1258 | 5 . . 1049 . 118 86 Treads 3313 | 104 242 270 1415 452 260 570 Legs . | . . . . . . . Wheels 4141 | . . . 1463 849 1766 63 Hover 624 | . . . . . . 624 Flight . | . . . . . . . Fastest Speed 43 | 50 160 240 110 100 100 43 Average Speed 388 | 154 173 287 532 179 475 107 Slowest Speed 3600 | 160 240 320 1450 610 3600 280 Overloaded Moves . | . . . . . . . Propulsion Burnouts . | . . . . . . . Robots Hopped . | . . . . . . . Potential Cave-ins . | . . . . . . . Cave-ins Triggered . | . . . . . . . Exploration Rate (%) 60 | 4 41 57 89 98 92 39 Regions Visited 6 Branch Regions 4 Pre-discovered Areas 12 | . . 1 1 8 1 1 Known Exits Taken 1 | . . . . . 1 . Unknown Exits Taken 5 | 1 1 1 1 1 . . Scrap Searched 15 | . . 1 8 . 6 . Spaces Dug 117 | . 1 2 60 22 . 32 Terrain Destroyed 187 | 3 6 3 63 44 . 68 Melee 78 | . 1 . 45 14 . 18 Projectile 28 | . . 3 9 . . 16 AOE 81 | 3 5 . 9 30 . 34 Terrain Rammed . | . . . . . . . Walls Destroyed . | . . . . . . . Machines Disabled . | . . . . . . . Actions | -11 -10 -10 -10 -7 -7 -5 --------- Run | Yrd Mat Min Sub Rec Scr Fac Total 11720 | 157 429 666 4798 1503 2396 1771 Wait 1278 | 14 123 343 523 37 147 91 Move 9330 | 108 241 269 3926 1300 2143 1343 Hop . | . . . . . . . Pick Up 244 | 3 15 15 67 37 64 43 Fast Attach 64 | 7 3 1 11 6 2 34 Attach 46 | . . 1 4 2 3 36 Detach 29 | . 1 . 6 7 1 14 Swap 62 | . 4 9 23 2 2 22 Drop 165 | . 4 10 47 41 34 29 Fire 164 | 24 23 11 28 6 . 72 Melee 303 | . 15 7 145 63 . 73 Ram 1 | . . . . . . 1 Kick . | . . . . . . . Crush 1 | 1 . . . . . . Escape Stasis . | . . . . . . . Rewire 12 | . . . . . . 12 Trap 2 | . . . . 2 . . Miscellaneous 19 | . . . 18 . . 1 Route ------- -11/Scrapyard -10/Materials (discovered 2 exits: [*Mat] / [*Min]) -10/Mines (discovered 2 exits: [*Mat] / *Sub) -10/Subcaves (discovered 3 exits: [*Mat x2] / *Rec) -7/Recycling (discovered 2 exits: *Fac / *Scr) -7/Scraptown (discovered 2 exits: *Fac x2) -5/Factory (discovered 8 exits: *Fac x4 / *Upp x2 / *Ext x2) History --------- Turn | Location | Event 2 | -11/Scrapyard | Met Revision 17 88 | -11/Scrapyard | Discovered new exit (range 16) 250 | -11/Scrapyard | Entered Materials 316 | -10/Materials | Build established: Mutant 541 | -10/Materials | Discovered new exit (range 10) 876 | -10/Materials | Discovered new exit (range 15) 933 | -10/Materials | Entered Mines 957 | -10/Mines | Received a Rocket Launcher from a helpful Derelict 965 | -10/Mines | Learned location of Zion (-6) 966 | -10/Mines | Met a Derelict bent on vengeance 1068 | -10/Mines | Found DCF Scrap (13 items) 1183 | -10/Mines | Met a Derelict who couldn't figure out how to use a Trap Extractor 1804 | -10/Mines | Discovered new exit (range 6) 1904 | -10/Mines | Assembled infested the area 2021 | -10/Mines | Discovered new exit (range 6) 2133 | -10/Mines | Entered Subcaves 2146 | -10/Subcaves | A swath of the cavern ceiling suddenly collapsed 3066 | -10/Subcaves | Curiously followed by a Cobbler waking with a query about "LVR3C" 3345 | -10/Subcaves | Shifting Twisted Machinery released Mak. System Shield 3347 | -10/Subcaves | Shifting Twisted Machinery released Enh. Flamer 3473 | -10/Subcaves | Disturbed a concealed Subdweller 3668 | -10/Subcaves | Learned Materials emergency access door positions 3953 | -10/Subcaves | Shifting Twisted Machinery released Barrage Gun 3955 | -10/Subcaves | Shifting Twisted Machinery released Sub. Machine Gun 4160 | -10/Subcaves | Shifting Twisted Machinery released Sub. Machine Gun 4168 | -10/Subcaves | Shifting Twisted Machinery released Scrap Shield 4353 | -10/Subcaves | Discovered new exit (range 8) 4414 | -10/Subcaves | Visited Clippyterm 4419 | -10/Subcaves | Learned 40 Factory zone layouts 4419 | -10/Subcaves | Learned Factory garrison access intel 4500 | -10/Subcaves | A swath of the cavern ceiling suddenly collapsed 4620 | -10/Subcaves | Visited triangular shrine 4633 | -10/Subcaves | Found Prototype Device 4633 | -10/Subcaves | Identified V3-11A's Pendant 4638 | -10/Subcaves | Befriended Subdweller 4683 | -10/Subcaves | Befriended Subdweller 4748 | -10/Subcaves | Befriended Subdweller 5365 | -10/Subcaves | Discovered new exit (range 9) 5473 | -10/Subcaves | Approached by friendly Subdweller 5837 | -10/Subcaves | Discovered new exit (range 3) 6530 | -10/Subcaves | Core integrity fell below 50% 15194 | -10/Subcaves | Befriended Subdweller 20577 | -10/Subcaves | Ambushed by Subdweller buried in earth 20584 | -10/Subcaves | Befriended Subdweller 22924 | -10/Subcaves | Build established: Hauler-Mutant 24092 | -10/Subcaves | Entered Recycling 24092 | -7/Recycling | Accompanied by 3 allies 24437 | -7/Recycling | Core integrity fell below 20% 24462 | -7/Recycling | Lost 3 allies 24954 | -7/Recycling | Build established: Derelict-Mutant 25423 | -7/Recycling | Discovered new exit (range 16) 25534 | -7/Recycling | Build established: Mutant 25819 | -7/Recycling | Learned 2 Lower Caves zone layouts 25874 | -7/Recycling | Learned location of Lower Caves (-6) 25901 | -7/Recycling | Build established: Hacker-Mutant 25917 | -7/Recycling | Learned 2 Extension zone layouts 25950 | -7/Recycling | Learned Factory scanalyzer intel 25991 | -7/Recycling | Learned location of 2 exits from Factory 26008 | -7/Recycling | Learned location of Proximity Caves (-5) 26032 | -7/Recycling | Learned Factory trap positions 26247 | -7/Recycling | Build established: Hauler-Mutant 26632 | -7/Recycling | Scanned before Scraplab entrance 26661 | -7/Recycling | Entered Scraplab 26677 | -7/Recycling | Discovered new exit (range 2) 26681 | -7/Recycling | Entered Scraptown 26682 | -7/Scraptown | Identified exit to Factory 26752 | -7/Scraptown | Heard Great Nut preacher, LISTEN AND RECITE! 26842 | -7/Scraptown | Delivered V3-11A's Pendant to T0-NE2 in exchange for information 26895 | -7/Scraptown | Learned location of Extension (-5) 27219 | -7/Scraptown | Scanned Subdweller tech in exchange for log data 27223 | -7/Scraptown | Learned Research garrison access intel 27225 | -7/Scraptown | Learned Research machine intel 27227 | -7/Scraptown | Learned 12 Factory zone layouts 27229 | -7/Scraptown | Learned Factory emergency access door positions 27231 | -7/Scraptown | Learned Research terminal intel 27278 | -7/Scraptown | Visited Cyclists 27358 | -7/Scraptown | Visited Shadow of the Wyrm 27453 | -7/Scraptown | Visited UFD Registry 27453 | -7/Scraptown | Registered with UFD as "Megamaster" 27469 | -7/Scraptown | Visited Red Mages 27621 | -7/Scraptown | Visited Modified Component R&D 27717 | -7/Scraptown | Visited Botcube Research 27732 | -7/Scraptown | Found Botcube 27807 | -7/Scraptown | Visited Infowarlord's Domain 27825 | -7/Scraptown | Visited DA-N13 Charitable Foundation 27833 | -7/Scraptown | Found DCF Scrap (28 items) 27882 | -7/Scraptown | Visited Analyses Database 27930 | -7/Scraptown | Visited Derelict Rescue Squad 27942 | -7/Scraptown | Found DRS Beacon 27978 | -7/Scraptown | Visited Science Guys 28034 | -7/Scraptown | Visited A0-MCA Data Center 28065 | -7/Scraptown | Visited Scrap Suit Storage 28589 | -7/Scraptown | Visited TADAMA 28616 | -7/Scraptown | Visited Supply Room 29368 | -7/Scraptown | Delivered Scrap Shield to a Scientist 30160 | -7/Scraptown | Entered Cyclist Reading Room 30209 | -7/Scraptown | Visited CPS Storage 30343 | -7/Scraptown | Found Scrap Suit 30350 | -7/Scraptown | Found Scrap Suit 31087 | -7/Scraptown | Found Exp. Terrain Scanner 32029 | -7/Scraptown | Given a C- rating by A0-MCA 32065 | -7/Scraptown | Found A0-MCA's Component Scanner 36985 | -7/Scraptown | Met Optimus 36985 | -7/Scraptown | Accepted into 0bPrime 37118 | -7/Scraptown | Entered Factory 37118 | -5/Factory | Evolved 10 slots: Power x1, Propulsion x2, Utility x7 37119 | -5/Factory | Identified exit to Factory 37120 | -5/Factory | Identified exit to Extension 37121 | -5/Factory | Identified exit to Upper Caves 37122 | -5/Factory | Loaded intel: 126 trap records 37124 | -5/Factory | Loaded intel: 4 scanalyzer locations 37125 | -5/Factory | Loaded intel: 4 garrison access locations 37284 | -5/Factory | Central database locked down 37418 | -5/Factory | Build established: Derelict-Mutant 37547 | -5/Factory | Loaded intel: 8 recycling unit locations 37714 | -5/Factory | Fabricated H-55 Commando (x2) 37732 | -5/Factory | Found Launcher Loader 37773 | -5/Factory | Fabricated H-55 Commando? 37848 | -5/Factory | Learned location of Protoforge (-2) 38270 | -5/Factory | Garrison activated, responded to threat 38383 | -5/Factory | Destroyed 14 combat bots 38410 | -5/Factory | Lost 12 parts (2p3n4u3w) 38512 | -5/Factory | Lost 5 parts (3u2w) 38620 | -5/Factory | System corruption reached 10% 38649 | -5/Factory | Core integrity fell below 50% 38682 | -5/Factory | Lost 7 parts (2p4n1u) 38974 | -5/Factory | Spotted B-75 Beast 39131 | -5/Factory | Core integrity fell below 20% 39155 | -5/Factory | System corruption reached 30% 39157 | -5/Factory | Destroyed self with Long-range Missile Launcher Last Messages --------------- 39128_ Acquired Lrn. Missile Launcher. 39130_ Slug penetrates P-70 Sage. 39132_ MMZWQQE%PU8VR>2TTI9YC 39133_ Penetrated by Slug. 39134_ Mic. Fission Core destroyed. 39134_ Dropped Matter Compressor. 39135_ Penetrated by Slug. 39139_ Connecting with Terminal... 39140_ ALERT: Suspicious intruders detected, dispatching Cutter reinforcements to area. 39150_ TKG03TDRQ|T/3CP|R6=U>I# 39151_ Slammed into P-70 Sage. 39151_ Manufacturing Mainframe disabled. 39154_ Enh. Optical Array destroyed. 39154_ Adv. Terrain Scan Processor destroyed. 39154_ System corrupted by crushing effect (+4). 39154_ Knocked back. 39154_ P-70 Sage knocked back. 39154_ P-70 Sage destroyed. 39154_ C-35 Carver knocked back. Map ----- +----------------------------------------------------+ | #### ! " " ## ! ####?############## """" | | ##?# " " ## ################### """" | | ####= " " ## """ #### ### """" | | #?## "" "" " " ## """ #?## ### """" | | #### ""S"" " " ## """ #### ### | | ## """" ## #?## ### """" | | [########+###########/#### ### """" | | ####### # """ """ ### """" | | + + """ """ + + ""?" | | ####### # """ """ ### ?? | | !####?## ############# # "" "" #########?# | | #######^^^########??### # "" "" #??####? | | !#####?# ######???#### # + + "" | | ####?## ############# # ??#?###? "" | | ######## ######??####+#############?#####? "" | | #?##?##### ?###### ?"" | | H ########## ??###?# ?" | | ########?# ##?### ?"? | | ######## ###?###### +?? + "" | | ##########+#########?## ?#?#??? ??? | | ?####?# ###?### ????????#? | | ####### ####??# ???#?#???#? | | ##?#### #?###?#########+#########?#???#??? | | ####?## "" ############## +^ ??????? | | ##?#?## """ """############## # ?? ????? | | ?#?##?# """ R"# p @ # # """ ??? ????? | | #??##?# """ """# """ c"""" # # """ ? ? ???? | | ####?## # """ """" # # """ ?????? | | ############+#### """ """" # # ? ?? ??? | | ###?#?###### #??# """ """ # # ? ???? | | ####?#?#####+#### [% # ######?#?###?##?? | | ####??#### # """"Y # ##### ??? ?? | | ###?#?#??? ?? # """" # ^ | | ####?##### ? #" """" # | | #?##?###?# ? #T """" # ######### | | ?##?###?## ? ? #" # """" # #? | | ???###?#??? ? # # ^ """" # "" ## | | ????#?###?###+####### #+###### """" # """# | | ##?## ^ ^ # S"# | | ###?????#?######### ! #?#?# """" # """# | | ##########????????# ]| ##??# """" # """# | | ##?#######* ]! ##### """" + # | | ]#?########+## ###?# # "" # | | ### # #####^^ """" # "" # | | #?# # """" # """ # | | ### # """" # """ # | | ###[ + # """ # | | ! ### # # # | | + +[* # ######## | | ############== # ##### ##########???#?## | +----------------------------------------------------+ Best States ------------- Heat Dissipation 73 Energy Generation 27 Energy Capacity 480 Matter Stores 513 Matter Capacity 550 Sight Range 22 Terrain Scan Range 30 Terrain Scan Density 210 Corruption Block 11 Armor Coverage 800 Weapon Cycling 20 Evasion (%) 55 Melee Accuracy 5 Core Analysis 6 Recoil Reduction 4 Offensive Hacking 10 Defensive Hacking 11 Authchip Count 4 Trap Extractor Capacity 6 Item Schematics ----------------- Huge Storage Unit | -7/Recycling | Hacked Hacking Suite | -7/Recycling | Hacked Launcher Loader | -5/Factory | Scanalyzed Robot Schematics ------------------ H-55 Commando | -7/Recycling | Hacked Fabricated ------------ H-55 Commando | x2 | -5/Factory | Authchip H-55 Commando | x2 | -5/Factory | Authchip Repaired ---------- Nothing Studied --------- Med. Treads | -5/Factory | Hacked Gatling Laser | -5/Factory | Hacked Alien Tech Used ----------------- None Achievements -------------- Low-level Research SUBSUB Challenges ------------ None Game ------ Seed CoolantLightningFrame Manual? 0 Play Time 02:08:03 Cumulative 604.3 hours Start 2026.04.28 @ 20:39:44 End 2026.05.01 @ 15:30:41 Sessions 9 Manual Loads 0 Difficulty Rogue Special Mode None Game No. 239 Rogue 239 Adventurer 0 Explorer 0 Win Type - Total 23 Types 10/2/7/1/0/0/0/2/0/1 Lore% 92 Gallery% 83 Achievement% 65 Wizard Run 0 Options --------- Layout 0 ASCII 0 Keyboard 1 Movement Numpad Keybinds 0 Fullscreen 2 Font 18/SmallcapsGlow Map View 76x50 Zoom Use 0% Tactical HUD 1 Map Filters NONE Filters NONE Steam 1 RUN: cadfe90c-2db1-42c8-b3ba-7e2312fde685